 Dungeon Crawl Stone Soup version 0.26.0-18-gc5c842f807 (webtiles) character file.

Game seed: 17271133195259537337

67 thiole the Sneak (level 4, -2/27 HPs)
             Began as an Octopode Hedge Wizard on Jan 23, 2021.
             Slain by a gnoll (8 damage)
             ... on level 2 of the Dungeon.
             The game lasted 00:02:17 (2533 turns).

thiole the Sneak (Octopode Hedge Wizard)            Turns: 2533, Time: 00:02:18

Health: -2/27      AC:  1    Str:  7 (9)  XL:     4   Next: 16%
Magic:  3/9        EV: 13    Int: 15 (17) God:
Gold:   79         SH:  0    Dex:  8 (11) Spells: 9/10 levels left

rFire    . . .     SeeInvis .   a - +0 dagger
rCold    . . .     Faith    .   (no shield)
rNeg     . . .     Spirit   .   b - +0 hat
rPois    .         Reflect  .   (no amulet)
rElec    .         Harm     .   (no ring)
rCorr    .         Rampage  .   (no ring)
Will     .....                  (no ring)
Stlth    +++.......             (no ring)
HPRegen  0.09/turn              (no ring)
MPRegen  0.11/turn              (no ring)
                                (no ring)
                                (no ring)

@: no status effects
A: almost no armour, stealthy swim, amphibious, 8 rings, constrict 8, camouflage
1, gelatinous body 1
a: no special abilities


You were on level 2 of the Dungeon.
You visited 1 branch of the dungeon, and saw 2 of its levels.

You collected 79 gold pieces.

Inventory:

Hand Weapons
 a - a +0 dagger (weapon)
Armour
 b - a +0 hat (worn)
Scrolls
 c - 8 scrolls of identify {unknown}
 g - a scroll of fear {unknown}
 h - a scroll of magic mapping {unknown}
 i - a scroll of teleportation {unknown}
 j - a scroll of blinking {unknown}
 k - a scroll of amnesia {unknown}
Potions
 d - a potion of degeneration
 e - a potion of resistance {unknown}
 f - a potion of flight {unknown}
 l - a potion of ambrosia {unknown}


   Skills:
 - Level 2.0 Dodging
 + Level 3.8 Stealth
 + Level 3.5 Spellcasting
 - Level 2.0 Conjurations
 - Level 2.0 Summonings
 - Level 1.0 Translocations


You had 9 spell levels left.
You knew the following spells:

 Your Spells              Type           Power        Failure   Level
a - Magic Dart            Conj           32%          9%          1

Your spell library contained the following spells:

 Spells                   Type           Power        Failure   Level
 Call Imp                 Summ           8%           13%         2
 Blink                    Tloc           N/A          19%         2
 Slow                     Hex            2%           28%         2
 Conjure Flame            Conj/Fire      5%           36%         3
 Mephitic Cloud           Conj/Pois/Air  4%           41%         3


Dungeon Overview and Level Annotations

Branches:
Dungeon (2/15)

Altars:
Nemelex Xobeh


Innate Abilities, Weirdness & Mutations

You cannot wear most types of armour.
You are very stealthy in the water. (Stealth+)
You are amphibious.
You can wear up to eight rings at the same time.
You can use your tentacles to constrict eight enemies at once.
Your skin changes colour to match your surroundings (Stealth+).
Your rubbery body absorbs attacks. (AC +1, EV +1)


Message History

You hit the gnoll but do no damage.
The gnoll is heavily wounded.
You constrict the gnoll. The gnoll misses you.
You hit the gnoll but do no damage. You squeeze the gnoll.
The gnoll is severely wounded.
You constrict the gnoll. The gnoll hits you with a +0 whip!
You hit the gnoll.
You kill the gnoll!
You hit the gnoll. Your grab misses the gnoll.
The gnoll is lightly wounded.
The gnoll misses you.
You hit the gnoll but do no damage. Your grab misses the gnoll.
The gnoll is lightly wounded.
The gnoll hits you.
* * * LOW HITPOINT WARNING * * *
It was a potion of degeneration.
There was something very wrong with that liquid.
You feel weakened.
You feel dopey.
You feel clumsy. The gnoll hits you!
You die...

#########.# #....#..######
#(# ##....#.)<....#
##.###.....#..####.#
#..÷..._......# #.#
#..#.....###.## #.#
#.####..#....## #.# #.#
#.......#....# #.#####.##
######.g####.####.##.....#
######÷rlg@.......##.#####
#......#####.#.......#
#.....)# #.#########
#......# #.# #l..##.# #.#
..'... #... #.# ..#..
##### #.# g #.. #. ..


You could see 2 gnolls, a leopard gecko and a rat.

Vanquished Creatures
  A gnoll (D:2)
  An ooze (D:2)
  2 dart slugs (D:1)
  A leopard gecko (D:1)
  5 bats
  2 giant cockroaches
  4 goblins
  6 hobgoblins
  10 jackals
  5 kobolds (D:1)
  A ball python (D:2)
  4 rats
42 creatures vanquished.

Notes
Turn   | Place    | Note
-------+----------+-------------------------------------------
     0 | D:1      | thiole the Octopode Hedge Wizard began the quest for the
                  | Orb.
     0 | D:1      | Reached XP level 1. HP: 11/11 MP: 4/4
   300 | D:1      | Reached XP level 2. HP: 10/17 MP: 0/6
  1361 | D:1      | Reached XP level 3. HP: 21/21 MP: 3/7
  2205 | D:2      | Found a sparkling altar of Nemelex Xobeh.
  2525 | D:2      | Reached XP level 4. HP: 26/27 MP: 2/9
  2533 | D:2      | Slain by a gnoll

Illustrated notes

Levels and vault maps discovered:
D:1:      psy_arrival_radial02, layout_basic
D:2:      layout_basic, nicolae_overflow_crystal_walls

Skill      XL: |  1  2  3 |
---------------+----------+-----
Stealth        | 3 |  3.8
Conjurations   | 2 |  2.0
Summonings     | 2 |  2.0
Dodging        | |  2.0
Spellcasting   | |  3.5
Translocations | |  1.0

Action                   |  1- 3 |  4- 6 || total
-------------------------+-------+-------++-------
Melee: Dagger            |    51 |     8 ||    59
       Constrict         |    11 |     1 ||    12
       Tentacles         |     7 |     1 ||     8
 Cast: Magic Dart        |    91 |       ||    91
  Use: Potion            |       |     1 ||     1
Armor: Skin              |     3 |       ||     3
Dodge: Dodged            |    44 |     4 ||    48
